 Dungeon Crawl Stone Soup version 0.21-a0-205-ge9f4a53 (webtiles) character file.

86 Nvm9 the Covered (level 4, 0/35 HPs)
             Began as a Demonspawn Fighter on Aug 20, 2017.
             Slain by skelma's ghost (4 damage)
             ... on level 3 of the Dungeon.
             The game lasted 00:02:09 (2039 turns).

Nvm9 the Covered (Demonspawn Fighter)               Turns: 2039, Time: 00:02:10

Health: 0/35       AC:  7    Str: 17    XL:     4   Next: 27%
Magic:  4/4        EV:  7    Int: 10    God:
Gold:   72         SH:  9    Dex: 12    Spells: 3/3 levels left

rFire    . . .     SeeInvis .   a - +0 war axe
rCold    . . .     Gourm    .   c - +0 shield
rNeg     . . .     Faith    .   b - +0 scale mail
rPois    +         Spirit   .   (no helmet)
rElec    .         Reflect  .   (no cloak)
rCorr    .         Harm     .   (no gloves)
MR       .....                  (no boots)
Stlth    +.........             (no amulet)
HPRegen  0.11/turn              g - ring of poison resistance
MPRegen  0.09/turn              (no ring)

@: no status effects
A: talons 2, nightstalker 1
a: no special abilities


You were on level 3 of the Dungeon.
You were hungry.

You visited 1 branch of the dungeon, and saw 3 of its levels.

You collected 72 gold pieces.

Inventory:

Hand Weapons
 a - a +0 war axe (weapon)
Armour
 b - a +0 scale mail (worn)
 c - a +0 shield (worn)
Jewellery
 g - a ring of poison resistance (left hand)
Wands
 k - a wand of polymorph (16/24)
Scrolls
 e - 3 scrolls of fear {unknown}
 h - a scroll of identify {unknown}
 l - a scroll of recharging {unknown}
 n - a scroll of magic mapping {unknown}
 o - a scroll of enchant weapon {unknown}
Potions
 d - 3 potions of might
 j - a potion of curing {unknown}
Comestibles
 f - 5 bread rations
 i - 7 fruits
 m - a meat ration


   Skills:
 + Level 3.3 Fighting
 + Level 2.4 Axes
 * Level 3.7 Armour
 + Level 3.1 Shields


You had 3 spell levels left.
You didn't know any spells.

Dungeon Overview and Level Annotations

Branches:
Dungeon (3/15)

Altars:
Vehumet

Annotations:
D:3 skelma's ghost, amateur MfIE


Innate Abilities, Weirdness & Mutations

You have razor-sharp toenails.
You are slightly more attuned to the shadows.


Message History

Skelma's ghost is lightly damaged.
Skelma's ghost casts a spell at you.
You are frozen.
* * * LOW HITPOINT WARNING * * *
You block skelma's ghost's attack.
You hit skelma's ghost but do no damage.
You claw skelma's ghost!
Skelma's ghost is moderately damaged.
Skelma's ghost casts a spell at you.
You are frozen.
* * * LOW HITPOINT WARNING * * *
You closely miss skelma's ghost. You claw skelma's ghost.
Skelma's ghost is moderately damaged.
Skelma's ghost hits you but does no damage.
Skelma's ghost hits you.
* * * LOW HITPOINT WARNING * * *
You closely miss skelma's ghost. Your kick misses skelma's ghost.
Skelma's ghost is moderately damaged.
Skelma's ghost hits you.
You die...

########
#......#####
#..)........
#..##...##..
#..#.....#..
#.@#........
##..W....##..
#............
#.###.#.#####
#( ##.#.# #.
#..#.# #
#.##.#
##.##.#
♣.....#


You could see skelma's ghost.

Vanquished Creatures
  2 adders (D:2)
  3 oozes
  A worm (D:2)
  A dart slug (D:1)
  4 leopard geckos
  2 giant cockroaches (D:1)
  7 goblins (D:1)
  5 hobgoblins
  2 jackals (D:2)
  4 kobolds
  4 bats
  7 frilled lizards
  4 rats
46 creatures vanquished.

Notes
Turn   | Place    | Note
-------+----------+-------------------------------------------
     0 | D:1      | Nvm9 the Demonspawn Fighter began the quest for the Orb.
     0 | D:1      | Reached XP level 1. HP: 18/18 MP: 1/1
   350 | D:1      | Gained mutation: You have sharp toenails. [demonic ancestry]
   350 | D:1      | Reached XP level 2. HP: 24/24 MP: 2/2
   564 | D:1      | Gained mutation: You have razor-sharp toenails. [demonic ancestry]
   564 | D:1      | Reached XP level 3. HP: 26/29 MP: 3/3
   927 | D:2      | Found a radiant altar of Vehumet.
  1444 | D:2      | Gained mutation: You are slightly more attuned to the shadows. [demonic ancestry]
  1444 | D:2      | Reached XP level 4. HP: 35/35 MP: 4/4
  2031 | D:3      | Noticed skelma's ghost (amateur MfIE)
  2039 | D:3      | Slain by skelma's ghost

Vault maps used:
D:1:      sevenhm_arrival_forest_fort_small_5
D:2:      vehumet_crystals, columned_hall_lemuel
D:3:      lemuel_round_altar, serial_forest, infiniplex_forest_lined_corner,
          infiniplex_forest_corner_1, infiniplex_forest_clump_large,
          infiniplex_forest_lined_room_2, infiniplex_forest_straight_5,
          minmay_statues_item

Skill      XL: |  1  2  3 |
---------------+----------+-----
Armour         | 3 |  3.7
Axes           | 2 |  2.4
Shields        | 3 |  3.1
Fighting       | |  3.3

Action                   |  1- 3 |  4- 6 || total
-------------------------+-------+-------++-------
Melee: War axe           |    98 |    27 ||   125
       Kick              |    10 |     7 ||    17
  Use: Potion            |     2 |       ||     2
  Eat: Chunk             |     1 |     2 ||     3
Armor: Scale mail        |    64 |    11 ||    75
Dodge: Dodged            |    39 |     7 ||    46
Block: Shield            |    47 |    11 ||    58
